Mustangs vs Monarchs
(R1)
Created - March 27, 2020 at 19:57
Goals
|
| Mustangs |
3 |
2 |
3 |
8 |
| Monarchs |
3 |
2 |
1 |
6 |
|
Shots
|
| Mustangs |
10 |
8 |
18 |
36 |
| Monarchs |
12 |
13 |
6 |
31 |
|
1st period
1. Mustangs , Josh Jooris 31 (Andrew O'Brien 15) at 2:10
2. Monarchs , JT Compher 18 (Anthony Mantha 19, Max Reinhart 59) at 6:30
3. Mustangs , Andreas Martinsen 34 (Josh Jooris 46, Melker Karlsson 52) at 7:45 (PP)
4. Mustangs , Jonathan Drouin 24 (Sean Monahan 42, Ben Harpur 18) at 9:19
5. Monarchs , Oliver Bjorkstrand 8 (Tim Schaller 46, Nathan MacKinnon 25) at 18:26
6. Monarchs , Nathan MacKinnon 15 (Anthony Mantha 20, Morgan Rielly 27) at 19:21 (PP)
Penalties :
Tim Schaller (MAN) for Hooking (Minor) at 7:06, Alexei Marchenko (Ham) for Holding (Minor) at 18:35
2nd period
7. Mustangs , Max Gortz 17 (Dakota Mermis 14) at 4:45
8. Monarchs , Aaron Ekblad 8 (JT Compher 21, Nathan MacKinnon 26) at 6:08 (PP)
9. Mustangs , Stefan Matteau 35 (Tuomo Ruutu 19, Josh Jooris 47) at 7:03
10. Monarchs , Nathan MacKinnon 16 (JT Compher 22) at 17:17 (PP)
Penalties :
Melker Karlsson (Ham) for Tripping (Minor) at 1:44, Tom Wilson (Ham) for Holding (Minor) at 5:38, Alexei Marchenko (Ham) for Hooking (Minor) at 9:14, Sam Reinhart (MAN) for Roughing (Minor) at 9:50, Sam Reinhart (MAN) for Hooking (Minor) at 11:50, Alexei Marchenko (Ham) for Goalie Interference (Minor) at 17:08
3rd period
11. Monarchs , Craig Smith 25 (Sam Reinhart 21) at 13:48
12. Mustangs , Ben Harpur 6 (Jonathan Drouin 38) at 15:51 (PP)
13. Mustangs , Stefan Matteau 36 (Damon Severson 16) at 18:16
14. Mustangs , Josh Jooris 32 (Melker Karlsson 53) at 19:24
Penalties :
Jeff Petry (MAN) for Holding (Minor) at 1:09, Oliver Bjorkstrand (MAN) for Tripping (Minor) at 11:39, Anthony Mantha (MAN) for Hooking (Minor) at 15:20
Goalie Stats
Anthony Stolarz (Ham), 25 saves from 31 shots - (0.806), W, 9-6-0, 60:00 minutes
Jason Missiaen (MAN), 28 saves from 36 shots - (0.778), L, 15-8-2, 60:00 minutes
Players Stats for Mustangs
Player Name G A P +/- PIM S H SB GA TA FO MP PP MP PK MP
------------------------------------------------------------------------------------
Alexei Marchenko 0 0 0 2 6 3 1 0 1 1 0/0 27:24 5:07 1:47
Andreas Martinsen 1 0 1 1 0 1 1 0 1 0 0/0 15:19 3:24 0:51
Andrew O'Brien 0 1 1 1 0 0 1 1 0 2 0/0 12:02 0:00 0:45
Ben Harpur 1 1 2 0 0 1 1 1 1 0 0/0 21:46 2:36 3:15
Chrstian Dvorak 0 0 0 -1 0 0 1 0 0 1 0/0 7:35 0:00 0:00
Dakota Mermis 0 1 1 0 0 0 0 1 0 1 0/0 15:30 3:10 0:45
Damon Severson 0 1 1 1 0 1 1 1 0 0 0/0 18:20 4:01 0:00
Iven Barbashev 0 0 0 -1 0 2 1 0 1 1 1/2 7:47 0:00 0:12
Jonathan Drouin 1 1 2 0 0 2 1 0 0 0 0/0 20:03 3:04 0:09
Josh Jooris 2 2 4 2 0 5 3 2 0 0 1/2 16:21 3:51 0:09
Kurtis Gabriel 0 0 0 -1 0 1 0 1 0 0 0/0 8:09 0:34 0:00
Max Gortz 1 0 1 2 0 3 1 0 0 0 0/0 10:56 0:00 0:00
Melker Karlsson 0 2 2 2 2 2 2 0 1 1 6/17 18:03 3:51 1:52
Scott Mayfield 0 0 0 2 0 2 1 1 0 1 0/0 24:13 1:06 1:28
Sean Monahan 0 1 1 0 0 3 1 0 2 0 11/31 21:46 3:24 0:57
Stefan Matteau 2 0 2 2 0 5 0 0 0 0 4/9 12:32 0:28 0:59
Tom Wilson 0 0 0 0 2 0 3 1 0 1 0/3 20:34 3:18 0:00
Tuomo Ruutu 0 1 1 3 0 5 0 0 1 0 1/3 15:28 0:41 2:51
Players Stats for Monarchs
Player Name G A P +/- PIM S H SB GA TA FO MP PP MP PK MP
------------------------------------------------------------------------------------
Aaron Ekblad 1 0 1 -3 0 1 0 1 0 2 0/0 20:10 2:14 2:59
Anthony Mantha 0 2 2 0 2 5 2 0 0 1 2/2 18:52 2:31 2:00
Brendan Lemieux 0 0 0 -1 0 0 1 0 0 0 0/0 13:26 0:05 0:00
Craig Smith 1 0 1 -1 0 2 2 0 0 0 0/0 14:43 0:05 1:17
Curtis Lazar 0 0 0 -1 0 0 0 0 0 0 1/2 7:05 0:00 1:23
Griffin Reinhart 0 0 0 2 0 1 0 0 0 0 0/0 16:59 1:46 0:42
Jeff Petry 0 0 0 -2 2 0 1 1 0 1 0/0 14:30 0:00 0:00
Jerry D'Amigo 0 0 0 -1 0 2 1 0 0 0 0/0 5:42 0:00 0:00
John Draeger 0 0 0 0 0 0 0 0 0 0 0/0 9:50 0:00 4:41
JT Compher 1 2 3 1 0 6 3 0 0 0 0/1 15:58 2:31 0:35
Mark Pysyk 0 0 0 -2 0 1 2 4 0 0 0/0 19:41 0:00 5:18
Max Reinhart 0 1 1 1 0 2 2 1 1 0 13/17 18:17 1:24 3:35
Mike Reilly 0 0 0 0 0 0 0 0 0 0 0/0 5:08 0:00 0:00
Morgan Rielly 0 1 1 1 0 1 2 0 2 1 0/0 15:58 1:46 0:00
Nathan MacKinnon 2 2 4 -2 0 6 1 0 1 0 20/27 18:24 2:31 0:00
Nicolas Deslauriers 0 0 0 -1 0 0 1 0 0 0 0/0 8:32 0:00 2:50
Oliver Bjorkstrand 1 0 1 -1 2 2 1 0 1 0 0/2 16:07 1:24 0:00
Sam Reinhart 0 1 1 -1 4 0 0 0 1 1 7/16 14:32 1:23 0:00
Tim Schaller 0 1 1 -2 2 2 0 0 3 1 0/0 19:09 0:05 3:46
Tony DeAngelo 0 0 0 -2 0 0 0 1 0 1 0/0 17:45 2:14 1:46
3 Stars
1 - Josh Jooris (Ham)
2 - Stefan Matteau (Ham)
3 - Nathan MacKinnon (MAN)
Power Play
Mustangs - 2 on 6 Attempt(s) - 33.33%
Monarchs - 3 on 5 Attempt(s) - 60.00%
Penalty Kill
Mustangs - 2 on 5 Attempt(s) - 40.00%
- Score 0 goal in Penalty Kill
Monarchs - 4 on 6 Attempt(s) - 66.67%
- Score 0 goal in Penalty Kill
Team Stat
Mustangs - Hits : 19 - Faceoff Wins : 24 - Blocked Shots : 9 - Penalty Minutes : 10
Monarchs - Hits : 19 - Faceoff Wins : 43 - Blocked Shots : 8 - Penalty Minutes : 12
Official
Referees : Unknown
Linesman : Unknown
Game Notes
No Game Note
Finance
Level 1 -- Attendance: 2000 (100.00%) -- Ticket Income $50,000
Level 2 -- Attendance: 943 (94.30%) -- Ticket Income $9,430
Total Attendance: 2943 (98.10%)
Total Ticket Income: $59,430
Other Income: $2,972
Total Income: $62,402
Mustangs
5 vs 5 Forward
Center Left Wing Right Wing Time % Phy DF OF
1 Sean Monahan Jonathan Drouin Tom Wilson 40 1 2 2
2 Melker Karlsson Andreas Martinsen Josh Jooris 30 1 2 2
3 Stefan Matteau Tuomo Ruutu Max Gortz 20 1 2 2
4 Iven Barbashev Chrstian Dvorak Kurtis Gabriel 10 1 2 2
5 vs 5 Defense
Defense Defense Time % Phy DF OF
1 Alexei Marchenko Scott Mayfield 44 1 2 2
2 Ben Harpur Damon Severson 33 1 2 2
3 Andrew O'Brien Dakota Mermis 23 1 2 2
4 Alexei Marchenko Scott Mayfield 0 1 2 2
PowerPlay Forward
Center Left Wing Right Wing Time % Phy DF OF
1 Sean Monahan Jonathan Drouin Tom Wilson 60 1 2 2
2 Melker Karlsson Andreas Martinsen Josh Jooris 40 1 2 2
PowerPlay Defense
Defense Defense Time % Phy DF OF
1 Alexei Marchenko Damon Severson 60 1 2 2
2 Ben Harpur Dakota Mermis 40 1 2 2
Penalty Kill 4 Players Forward
Center Wing Time % Phy DF OF
1 Melker Karlsson Tuomo Ruutu 60 1 2 2
2 Sean Monahan Josh Jooris 40 1 2 2
Penalty Kill 4 Players Defense
Defense Defense Time % Phy DF OF
1 Alexei Marchenko Ben Harpur 60 1 2 2
2 Dakota Mermis Andrew O'Brien 40 1 2 2
Penalty Kill - 3 Players Forward
Forward Time % Phy DF OF
1 Tuomo Ruutu 60 1 2 2
2 Melker Karlsson 40 1 2 2
Penalty Kill - 3 Players Defense
Defense Defense Time % Phy DF OF
1 Alexei Marchenko Ben Harpur 60 1 2 2
2 Dakota Mermis Andrew O'Brien 40 1 2 2
4 vs 4 Forward
Center Wing Time % Phy DF OF
1 Sean Monahan Tom Wilson 60 1 2 2
2 Melker Karlsson Josh Jooris 40 1 2 2
4 vs 4 Defense
Defense Defense Time % Phy DF OF
1 Alexei Marchenko Scott Mayfield 60 1 2 2
2 Ben Harpur Damon Severson 40 1 2 2
Last Minutes Offensive
Center Left Wing Right Wing Defense Defense
Sean Monahan Jonathan Drouin Tom Wilson Alexei Marchenko Scott Mayfield
Last Minutes Defensive
Center Left Wing Right Wing Defense Defense
Melker Karlsson Tuomo Ruutu Josh Jooris Alexei Marchenko Scott Mayfield
Goaltenders
Starting : Anthony Stolarz
Backup : Chet Pickard
Extra Forwards
Normal : Sean Monahan, Melker Karlsson, Stefan Matteau - PP : Josh Jooris, Tom Wilson - PK : Tuomo Ruutu
Extra Defensemen
Normal : Alexei Marchenko, Ben Harpur, Dakota Mermis - PP : Alexei Marchenko - PK : Alexei Marchenko, Ben Harpur
Penalty Shots
Andreas Martinsen, Josh Jooris, Melker Karlsson, Sean Monahan, Tom Wilson
Scratches
Ryan Graves (Healthy), Curtis Hamilton (Healthy), Matthew Finn (Healthy), Danny Biega (Healthy), Jim O'Brien (Healthy)
Raphael Bussieres (Healthy), Sam Kurker (Healthy), Josh Ho-Sang (Healthy), Brett Pollock (Healthy), Steven Spinner (Healthy)
Joacim Eriksson (Healthy)
Monarchs
5 vs 5 Forward
Center Left Wing Right Wing Time % Phy DF OF
1 Nathan MacKinnon Tim Schaller Oliver Bjorkstrand 35 1 2 2
2 Max Reinhart JT Compher Anthony Mantha 30 1 2 2
3 Sam Reinhart Brendan Lemieux Craig Smith 30 1 2 2
4 Curtis Lazar Nicolas Deslauriers Jerry D'Amigo 5 1 2 2
5 vs 5 Defense
Defense Defense Time % Phy DF OF
1 Jeff Petry Aaron Ekblad 30 1 2 2
2 Morgan Rielly Griffin Reinhart 30 1 2 2
3 Mark Pysyk Tony DeAngelo 30 1 2 2
4 Mike Reilly John Draeger 10 1 2 2
PowerPlay Forward
Center Left Wing Right Wing Time % Phy DF OF
1 Nathan MacKinnon JT Compher Anthony Mantha 55 1 2 2
2 Sam Reinhart Max Reinhart Oliver Bjorkstrand 45 1 2 2
PowerPlay Defense
Defense Defense Time % Phy DF OF
1 Aaron Ekblad Tony DeAngelo 55 1 2 2
2 Griffin Reinhart Morgan Rielly 45 1 2 2
Penalty Kill 4 Players Forward
Center Wing Time % Phy DF OF
1 Max Reinhart Tim Schaller 60 1 2 2
2 Craig Smith Nicolas Deslauriers 40 1 2 2
Penalty Kill 4 Players Defense
Defense Defense Time % Phy DF OF
1 John Draeger Mark Pysyk 60 1 2 2
2 John Draeger Aaron Ekblad 40 1 2 2
Penalty Kill - 3 Players Forward
Forward Time % Phy DF OF
1 Craig Smith 60 1 3 1
2 Tim Schaller 40 1 3 1
Penalty Kill - 3 Players Defense
Defense Defense Time % Phy DF OF
1 John Draeger Mark Pysyk 60 1 4 0
2 Aaron Ekblad Jeff Petry 40 1 4 0
4 vs 4 Forward
Center Wing Time % Phy DF OF
1 Nathan MacKinnon Anthony Mantha 60 1 2 2
2 Max Reinhart Oliver Bjorkstrand 40 1 2 2
4 vs 4 Defense
Defense Defense Time % Phy DF OF
1 Aaron Ekblad Mark Pysyk 60 1 2 2
2 Jeff Petry Griffin Reinhart 40 1 2 2
Last Minutes Offensive
Center Left Wing Right Wing Defense Defense
Nathan MacKinnon Tim Schaller Anthony Mantha Aaron Ekblad Morgan Rielly
Last Minutes Defensive
Center Left Wing Right Wing Defense Defense
Max Reinhart Nicolas Deslauriers Anthony Mantha Mark Pysyk John Draeger
Goaltenders
Starting : Jason Missiaen
Backup : Eric Comrie
Extra Forwards
Normal : Nathan MacKinnon, Max Reinhart, Sam Reinhart - PP : Brendan Lemieux, Tim Schaller - PK : Anthony Mantha
Extra Defensemen
Normal : Mark Pysyk, Aaron Ekblad, Morgan Rielly - PP : Mike Reilly - PK : Tony DeAngelo, Griffin Reinhart
Penalty Shots
Anthony Mantha, Craig Smith, JT Compher, Max Reinhart, Jerry D'Amigo
Scratches
Cedric Paquette (Healthy), Joel Vermin (Healthy), Artturi Lehkonen (Healthy), Michael McCarron (Healthy), Anthony Peluso (Healthy)
Gustav Forsling (Healthy), Chase De Leo (Healthy), Kaapo Kahkonen (Healthy)
% Time on Ice - Mustangs
Lines # - Real PCT - Wanted PCT - Time Play
Normal Forward
1 - 37% - 40% - 16:57
2 - 24% - 30% - 11:05
3 - 23% - 20% - 10:43
4 - 16% - 10% - 7:35
Normal Defense
1 - 45% - 44% - 20:49
2 - 31% - 33% - 14:27
3 - 24% - 23% - 11:04
4 - 0% - 0% - 0:00
PP Forward
1 - 50% - 60% - 3:52
2 - 50% - 40% - 3:51
PP Defense
1 - 66% - 60% - 5:07
2 - 34% - 40% - 2:36
PK Forward
1 - 96% - 60% - 3:51
2 - 4% - 40% - 0:09
PK Defense
1 - 81% - 60% - 3:15
2 - 19% - 40% - 0:45
PK3 Forward
1 - 0% - 60%
2 - 0% - 40%
PK3 Defense
1 - 0% - 60%
2 - 0% - 40%
44 Forward
1 - 75% - 60% - 1:02
2 - 25% - 40% - 0:21
44 Defense
1 - 100% - 60% - 1:23
2 - 0% - 40% - 0:00
Last Minute Offensive - 0:00
Last Minute Defensive - 0:34
Total
Forward - 60:00
Defense - 60:00
|
% Time on Ice - Monarchs
Lines # - Real PCT - Wanted PCT - Time Play
Normal Forward
1 - 32% - 35% - 14:44
2 - 28% - 30% - 12:48
3 - 28% - 30% - 13:06
4 - 12% - 5% - 5:42
Normal Defense
1 - 30% - 30% - 13:44
2 - 30% - 30% - 13:43
3 - 30% - 30% - 13:45
4 - 11% - 10% - 5:08
PP Forward
1 - 65% - 55% - 2:36
2 - 35% - 45% - 1:24
PP Defense
1 - 56% - 55% - 2:14
2 - 44% - 45% - 1:46
PK Forward
1 - 83% - 60% - 6:26
2 - 17% - 40% - 1:17
PK Defense
1 - 69% - 60% - 5:18
2 - 31% - 40% - 2:25
PK3 Forward
1 - 0% - 60%
2 - 0% - 40%
PK3 Defense
1 - 0% - 60%
2 - 0% - 40%
44 Forward
1 - 75% - 60% - 1:02
2 - 25% - 40% - 0:21
44 Defense
1 - 43% - 60% - 0:36
2 - 57% - 40% - 0:47
Last Minute Offensive - 0:34
Last Minute Defensive - 0:00
Total
Forward - 60:00
Defense - 60:00
|
Play-by-Play
1st period
0:01 of 1st period - Sean Monahan wins face-off versus Nathan MacKinnon in neutral zone.
0:35 of 1st period - Wrist shot by JT Compher.
0:35 of 1st period - Stopped by Anthony Stolarz with a rebound.
1:15 of 1st period - Morgan Rielly is hit by Jonathan Drouin and loses puck.
1:50 of 1st period - Slapshot by Josh Jooris.
1:50 of 1st period - Stopped by Jason Missiaen with a rebound.
2:10 of 1st period - Slapshot by Josh Jooris.
2:10 of 1st period - Goal by Josh Jooris - Mustangs : 1 - Monarchs : 0.
2:11 of 1st period - Sean Monahan wins face-off versus Sam Reinhart in neutral zone.
2:20 of 1st period - Slapshot by Sean Monahan.
2:20 of 1st period - Stopped by Jason Missiaen with a rebound.
2:36 of 1st period - Melker Karlsson is hit by Oliver Bjorkstrand and loses puck.
3:01 of 1st period - Damon Severson is hit by Anthony Mantha and loses puck.
3:12 of 1st period - Wrist shot by Anthony Mantha.
3:12 of 1st period - Shot Misses the Net.
3:28 of 1st period - Wrist shot by Jerry D'Amigo.
3:28 of 1st period - Shot Misses the Net.
3:42 of 1st period - Snap shot by Iven Barbashev.
3:42 of 1st period - Stopped by Jason Missiaen without a rebound.
3:43 of 1st period - Iven Barbashev wins face-off versus Sam Reinhart in Monarchs zone.
3:44 of 1st period - Slapshot by Kurtis Gabriel.
3:44 of 1st period - Stopped by Jason Missiaen without a rebound.
3:45 of 1st period - Sam Reinhart wins face-off versus Iven Barbashev in Monarchs zone.
4:46 of 1st period - Wrist shot by Kurtis Gabriel.
4:46 of 1st period - Shot Misses the Net.
4:48 of 1st period - Snap shot by Dakota Mermis.
4:48 of 1st period - Deflect By Chrstian Dvorak.
4:48 of 1st period - Shot Misses the Net.
4:48 of 1st period - Puck is out of play.
4:49 of 1st period - Nathan MacKinnon wins face-off versus Sean Monahan in Monarchs zone.
4:56 of 1st period - Snap shot by Tim Schaller.
4:56 of 1st period - Stopped by Anthony Stolarz with a rebound.
5:58 of 1st period - Griffin Reinhart is hit by Tom Wilson and loses puck.
6:09 of 1st period - Nathan MacKinnon is hit by Andreas Martinsen and loses puck.
6:28 of 1st period - Wrist shot by JT Compher.
6:28 of 1st period - Stopped by Anthony Stolarz with a rebound.
6:30 of 1st period - Snap shot by Anthony Mantha.
6:30 of 1st period - Deflect By JT Compher.
6:30 of 1st period - Goal by JT Compher - Mustangs : 1 - Monarchs : 1.
6:31 of 1st period - Max Reinhart wins face-off versus Sean Monahan in neutral zone.
6:38 of 1st period - Wrist shot by JT Compher.
6:38 of 1st period - Stopped by Anthony Stolarz with a rebound.
6:40 of 1st period - Snap shot by Max Reinhart.
6:40 of 1st period - Stopped by Anthony Stolarz without a rebound.
6:41 of 1st period - Sean Monahan wins face-off versus Max Reinhart in Mustangs zone.
6:41 of 1st period - Sean Monahan is hit by Mark Pysyk.
6:53 of 1st period - Slapshot by JT Compher.
6:53 of 1st period - Shot Misses the Net.
6:55 of 1st period - Slapshot by Anthony Mantha.
6:55 of 1st period - Stopped by Anthony Stolarz without a rebound.
6:56 of 1st period - Nathan MacKinnon wins face-off versus Melker Karlsson in Mustangs zone.
6:57 of 1st period - Wrist shot by Tim Schaller.
6:57 of 1st period - Stopped by Anthony Stolarz with a rebound.
7:06 of 1st period - Minor Penalty to Tim Schaller for Hooking.
7:07 of 1st period - Sean Monahan wins face-off versus Max Reinhart in Monarchs zone.
7:09 of 1st period - Wrist shot by Sean Monahan.
7:09 of 1st period - Stopped by Jason Missiaen without a rebound.
7:10 of 1st period - Max Reinhart wins face-off versus Tom Wilson in Monarchs zone.
7:45 of 1st period - Slapshot by Andreas Martinsen.
7:45 of 1st period - Goal by Andreas Martinsen - Mustangs : 2 - Monarchs : 1.
7:46 of 1st period - Sean Monahan wins face-off versus Nathan MacKinnon in neutral zone.
7:49 of 1st period - Snap shot by Jonathan Drouin.
7:49 of 1st period - Shot Misses the Net.
8:13 of 1st period - Josh Jooris is hit by Max Reinhart and loses puck.
8:54 of 1st period - Jerry D'Amigo is hit by Damon Severson and loses puck.
9:19 of 1st period - Wrist shot by Jonathan Drouin.
9:19 of 1st period - Goal by Jonathan Drouin - Mustangs : 3 - Monarchs : 1.
9:20 of 1st period - Nathan MacKinnon wins face-off versus Tom Wilson in neutral zone.
9:27 of 1st period - Snap shot by Tim Schaller.
9:27 of 1st period - Shot Misses the Net.
9:55 of 1st period - Jeff Petry is hit by Josh Jooris and loses puck.
10:12 of 1st period - Andrew O'Brien is hit by Brendan Lemieux and loses puck.
11:17 of 1st period - Snap shot by Max Reinhart.
11:17 of 1st period - Shot Blocked by Josh Jooris.
11:59 of 1st period - Snap shot by Stefan Matteau.
11:59 of 1st period - Stopped by Jason Missiaen without a rebound.
12:00 of 1st period - Nathan MacKinnon wins face-off versus Sean Monahan in Monarchs zone.
12:35 of 1st period - Off-side.
12:36 of 1st period - Sam Reinhart wins face-off versus Stefan Matteau in neutral zone.
13:37 of 1st period - Icing by John Draeger.
13:38 of 1st period - Curtis Lazar wins face-off versus Stefan Matteau in Monarchs zone.
13:43 of 1st period - Scott Mayfield is hit by Jerry D'Amigo and loses puck.
13:48 of 1st period - Wrist shot by Jerry D'Amigo.
13:48 of 1st period - Stopped by Anthony Stolarz without a rebound.
13:49 of 1st period - Max Reinhart wins face-off versus Sean Monahan in Mustangs zone.
14:41 of 1st period - Wrist shot by Craig Smith.
14:41 of 1st period - Shot Misses the Net.
14:48 of 1st period - Off-side.
14:49 of 1st period - Nathan MacKinnon wins face-off versus Sean Monahan in neutral zone.
16:19 of 1st period - Snap shot by Jerry D'Amigo.
16:19 of 1st period - Stopped by Anthony Stolarz with a rebound.
17:19 of 1st period - Wrist shot by Kurtis Gabriel.
17:19 of 1st period - Shot Misses the Net.
17:31 of 1st period - Tim Schaller is hit by Iven Barbashev and loses puck.
17:44 of 1st period - JT Compher is hit by Tom Wilson and loses puck.
17:51 of 1st period - Wrist shot by Tom Wilson.
17:51 of 1st period - Shot Blocked by Max Reinhart.
17:53 of 1st period - Snap shot by Sean Monahan.
17:53 of 1st period - Stopped by Jason Missiaen without a rebound.
17:54 of 1st period - Melker Karlsson wins face-off versus Sam Reinhart in Monarchs zone.
18:19 of 1st period - Ben Harpur is hit by Mark Pysyk and loses puck.
18:24 of 1st period - Slapshot by Tim Schaller.
18:24 of 1st period - Shot Misses the Net.
18:26 of 1st period - Slapshot by Oliver Bjorkstrand.
18:26 of 1st period - Goal by Oliver Bjorkstrand - Mustangs : 3 - Monarchs : 2.
18:27 of 1st period - Max Reinhart wins face-off versus Sean Monahan in neutral zone.
18:35 of 1st period - Minor Penalty to Alexei Marchenko for Holding.
18:36 of 1st period - Nathan MacKinnon wins face-off versus Tuomo Ruutu in Mustangs zone.
19:03 of 1st period - Icing by Morgan Rielly.
19:04 of 1st period - Sam Reinhart wins face-off versus Melker Karlsson in Monarchs zone.
19:21 of 1st period - Snap shot by Nathan MacKinnon.
19:21 of 1st period - Goal by Nathan MacKinnon - Mustangs : 3 - Monarchs : 3.
19:22 of 1st period - Nathan MacKinnon wins face-off versus Sean Monahan in neutral zone.
Goals for this period are 3 for Mustangs vs 3 for Monarchs .
Shots for this period are 10 for Mustangs vs 12 for Monarchs .
2nd period
0:01 of 2nd period - Max Reinhart wins face-off versus Sean Monahan in neutral zone.
0:06 of 2nd period - Sean Monahan is hit by JT Compher and loses puck.
0:29 of 2nd period - Snap shot by Nathan MacKinnon.
0:29 of 2nd period - Stopped by Anthony Stolarz with a rebound.
0:31 of 2nd period - Snap shot by Oliver Bjorkstrand.
0:31 of 2nd period - Shot Misses the Net.
0:35 of 2nd period - Snap shot by Nathan MacKinnon.
0:35 of 2nd period - Stopped by Anthony Stolarz with a rebound.
1:17 of 2nd period - Snap shot by Craig Smith.
1:17 of 2nd period - Shot Misses the Net.
1:19 of 2nd period - Wrist shot by Craig Smith.
1:19 of 2nd period - Shot Blocked by Tom Wilson.
1:23 of 2nd period - Slapshot by Craig Smith.
1:23 of 2nd period - Stopped by Anthony Stolarz without a rebound.
1:24 of 2nd period - Max Reinhart wins face-off versus Melker Karlsson in Mustangs zone.
1:25 of 2nd period - Snap shot by Anthony Mantha.
1:25 of 2nd period - Stopped by Anthony Stolarz with a rebound.
1:27 of 2nd period - Snap shot by JT Compher.
1:27 of 2nd period - Shot Blocked by Josh Jooris.
1:29 of 2nd period - Slapshot by JT Compher.
1:29 of 2nd period - Stopped by Anthony Stolarz without a rebound.
1:30 of 2nd period - Anthony Mantha wins face-off versus Melker Karlsson in Mustangs zone.
1:33 of 2nd period - Wrist shot by Anthony Mantha.
1:33 of 2nd period - Stopped by Anthony Stolarz with a rebound.
1:44 of 2nd period - Minor Penalty to Melker Karlsson for Tripping.
1:45 of 2nd period - Anthony Mantha wins face-off versus Stefan Matteau in Mustangs zone.
1:59 of 2nd period - Aaron Ekblad is hit by Ben Harpur and loses puck.
3:44 of 2nd period - Penalty to Melker Karlsson is over, Melker Karlsson is back on ice.
3:48 of 2nd period - Sean Monahan is hit by Morgan Rielly and loses puck.
4:29 of 2nd period - John Draeger is hit by Andrew O'Brien and loses puck.
4:45 of 2nd period - Snap shot by Max Gortz.
4:45 of 2nd period - Goal by Max Gortz - Mustangs : 4 - Monarchs : 3.
4:46 of 2nd period - Sean Monahan wins face-off versus Oliver Bjorkstrand in neutral zone.
4:56 of 2nd period - Icing by Alexei Marchenko.
4:57 of 2nd period - Max Reinhart wins face-off versus Sean Monahan in Mustangs zone.
5:23 of 2nd period - Slapshot by Sean Monahan.
5:23 of 2nd period - Deflect By Tom Wilson.
5:23 of 2nd period - Shot Misses the Net.
5:23 of 2nd period - Puck is out of play.
5:24 of 2nd period - Nathan MacKinnon wins face-off versus Melker Karlsson in Monarchs zone.
5:24 of 2nd period - Nathan MacKinnon is hit by Melker Karlsson.
5:34 of 2nd period - Snap shot by Nathan MacKinnon.
5:34 of 2nd period - Stopped by Anthony Stolarz without a rebound.
5:35 of 2nd period - Sean Monahan wins face-off versus Max Reinhart in Mustangs zone.
5:35 of 2nd period - Sean Monahan is hit by JT Compher.
5:38 of 2nd period - Minor Penalty to Tom Wilson for Holding.
5:39 of 2nd period - Nathan MacKinnon wins face-off versus Melker Karlsson in Mustangs zone.
5:54 of 2nd period - Icing by Aaron Ekblad.
5:55 of 2nd period - Nathan MacKinnon wins face-off versus Melker Karlsson in Monarchs zone.
6:06 of 2nd period - Snap shot by JT Compher.
6:06 of 2nd period - Stopped by Anthony Stolarz with a rebound.
6:08 of 2nd period - Slapshot by Aaron Ekblad.
6:08 of 2nd period - Goal by Aaron Ekblad - Mustangs : 4 - Monarchs : 4.
6:09 of 2nd period - Nathan MacKinnon wins face-off versus Sean Monahan in neutral zone.
6:36 of 2nd period - Max Reinhart is hit by Scott Mayfield and loses puck.
7:03 of 2nd period - Snap shot by Stefan Matteau.
7:03 of 2nd period - Goal by Stefan Matteau - Mustangs : 5 - Monarchs : 4.
7:04 of 2nd period - Nathan MacKinnon wins face-off versus Sean Monahan in neutral zone.
7:07 of 2nd period - Tom Wilson is hit by Nathan MacKinnon and loses puck.
7:16 of 2nd period - Slapshot by Tim Schaller.
7:16 of 2nd period - Shot Hit the Post.
7:18 of 2nd period - Slapshot by Aaron Ekblad.
7:18 of 2nd period - Shot Misses the Net.
7:20 of 2nd period - Wrist shot by Tim Schaller.
7:20 of 2nd period - Shot Blocked by Damon Severson.
8:04 of 2nd period - Off-side.
8:05 of 2nd period - Nathan MacKinnon wins face-off versus Sean Monahan in neutral zone.
8:32 of 2nd period - Wrist shot by Tuomo Ruutu.
8:32 of 2nd period - Shot Blocked by Mark Pysyk.
8:39 of 2nd period - Icing by Tuomo Ruutu.
8:40 of 2nd period - Tuomo Ruutu wins face-off versus Sam Reinhart in Mustangs zone.
8:49 of 2nd period - Slapshot by Stefan Matteau.
8:49 of 2nd period - Deflect By Tuomo Ruutu.
8:49 of 2nd period - Stopped by Jason Missiaen without a rebound.
8:50 of 2nd period - Sam Reinhart wins face-off versus Sean Monahan in Monarchs zone.
8:50 of 2nd period - Sam Reinhart is hit by Alexei Marchenko.
9:00 of 2nd period - Sean Monahan is hit by Craig Smith.
9:14 of 2nd period - Minor Penalty to Alexei Marchenko for Hooking.
9:15 of 2nd period - Nathan MacKinnon wins face-off versus Melker Karlsson in Mustangs zone.
9:43 of 2nd period - Sam Reinhart is hit by Melker Karlsson and loses puck.
9:50 of 2nd period - Minor Penalty to Sam Reinhart for Roughing.
9:51 of 2nd period - Sean Monahan wins face-off versus Nathan MacKinnon in Monarchs zone.
10:27 of 2nd period - Icing by Ben Harpur.
10:28 of 2nd period - Nathan MacKinnon wins face-off versus Josh Jooris in Mustangs zone.
10:49 of 2nd period - Snap shot by Oliver Bjorkstrand.
10:49 of 2nd period - Stopped by Anthony Stolarz with a rebound.
10:55 of 2nd period - Griffin Reinhart is hit by Sean Monahan and loses puck.
11:14 of 2nd period - Penalty to Alexei Marchenko is over, Alexei Marchenko is back on ice.
11:43 of 2nd period - Wrist shot by Melker Karlsson.
11:43 of 2nd period - Shot Blocked by Mark Pysyk.
11:45 of 2nd period - Wrist shot by Melker Karlsson.
11:45 of 2nd period - Stopped by Jason Missiaen with a rebound.
11:47 of 2nd period - Slapshot by Scott Mayfield.
11:47 of 2nd period - Deflect By Alexei Marchenko.
11:47 of 2nd period - Shot Misses the Net.
11:47 of 2nd period - Puck is out of play.
11:48 of 2nd period - Max Reinhart wins face-off versus Sean Monahan in Monarchs zone.
11:50 of 2nd period - Penalty to Sam Reinhart is over, Sam Reinhart is back on ice.
11:50 of 2nd period - Minor Penalty to Sam Reinhart for Hooking.
11:51 of 2nd period - Max Reinhart wins face-off versus Sean Monahan in Monarchs zone.
11:59 of 2nd period - John Draeger is hit by Tom Wilson and loses puck.
13:05 of 2nd period - Snap shot by Mark Pysyk.
13:05 of 2nd period - Stopped by Anthony Stolarz with a rebound.
13:43 of 2nd period - Josh Jooris is hit by Anthony Mantha and loses puck.
13:50 of 2nd period - Penalty to Sam Reinhart is over, Sam Reinhart is back on ice.
13:56 of 2nd period - Slapshot by Aaron Ekblad.
13:56 of 2nd period - Shot Blocked by Ben Harpur.
15:59 of 2nd period - Slapshot by Griffin Reinhart.
15:59 of 2nd period - Deflect By Dakota Mermis.
15:59 of 2nd period - Stopped by Anthony Stolarz with a rebound.
17:08 of 2nd period - Minor Penalty to Alexei Marchenko for Goalie Interference.
17:09 of 2nd period - Nathan MacKinnon wins face-off versus Melker Karlsson in Mustangs zone.
17:17 of 2nd period - Wrist shot by Nathan MacKinnon.
17:17 of 2nd period - Goal by Nathan MacKinnon - Mustangs : 5 - Monarchs : 5.
17:18 of 2nd period - Max Reinhart wins face-off versus Sean Monahan in neutral zone.
17:33 of 2nd period - Snap shot by Anthony Mantha.
17:33 of 2nd period - Shot Blocked by Scott Mayfield.
17:43 of 2nd period - Sean Monahan is hit by Craig Smith.
18:06 of 2nd period - Snap shot by Andreas Martinsen.
18:06 of 2nd period - Shot Misses the Net.
18:16 of 2nd period - Slapshot by Nathan MacKinnon.
18:16 of 2nd period - Deflect By Andreas Martinsen.
18:16 of 2nd period - Shot Misses the Net.
18:16 of 2nd period - Puck is out of play.
18:17 of 2nd period - Stefan Matteau wins face-off versus JT Compher in Mustangs zone.
18:17 of 2nd period - Stefan Matteau is hit by JT Compher.
18:23 of 2nd period - Snap shot by Stefan Matteau.
18:23 of 2nd period - Stopped by Jason Missiaen with a rebound.
18:25 of 2nd period - Snap shot by Max Gortz.
18:25 of 2nd period - Stopped by Jason Missiaen with a rebound.
18:27 of 2nd period - Slapshot by Tuomo Ruutu.
18:27 of 2nd period - Shot Misses the Net.
18:29 of 2nd period - Wrist shot by Stefan Matteau.
18:29 of 2nd period - Shot Misses the Net.
18:31 of 2nd period - Slapshot by Alexei Marchenko.
18:31 of 2nd period - Stopped by Jason Missiaen with a rebound.
18:33 of 2nd period - Slapshot by Alexei Marchenko.
18:33 of 2nd period - Stopped by Jason Missiaen with a rebound.
19:03 of 2nd period - Off-side.
19:04 of 2nd period - Sam Reinhart wins face-off versus Sean Monahan in neutral zone.
19:33 of 2nd period - Wrist shot by Sean Monahan.
19:33 of 2nd period - Shot Blocked by Tony DeAngelo.
Goals for this period are 2 for Mustangs vs 2 for Monarchs .
Shots for this period are 8 for Mustangs vs 13 for Monarchs .
3rd period
0:01 of 3rd period - Max Reinhart wins face-off versus Tom Wilson in neutral zone.
0:06 of 3rd period - Wrist shot by Anthony Mantha.
0:06 of 3rd period - Stopped by Anthony Stolarz without a rebound.
0:07 of 3rd period - Max Reinhart wins face-off versus Sean Monahan in Mustangs zone.
0:42 of 3rd period - Slapshot by Sean Monahan.
0:42 of 3rd period - Shot Blocked by Aaron Ekblad.
1:02 of 3rd period - Slapshot by Jonathan Drouin.
1:02 of 3rd period - Shot Blocked by Jeff Petry.
1:09 of 3rd period - Minor Penalty to Jeff Petry for Holding.
1:10 of 3rd period - Melker Karlsson wins face-off versus Curtis Lazar in Monarchs zone.
1:10 of 3rd period - Snap shot by Josh Jooris.
1:10 of 3rd period - Stopped by Jason Missiaen with a rebound.
1:12 of 3rd period - Slapshot by Alexei Marchenko.
1:12 of 3rd period - Shot Misses the Net.
1:14 of 3rd period - Slapshot by Alexei Marchenko.
1:14 of 3rd period - Stopped by Jason Missiaen with a rebound.
3:03 of 3rd period - Snap shot by JT Compher.
3:03 of 3rd period - Shot Misses the Net.
3:09 of 3rd period - Penalty to Jeff Petry is over, Jeff Petry is back on ice.
3:10 of 3rd period - Icing by Andreas Martinsen.
3:11 of 3rd period - Melker Karlsson wins face-off versus Sam Reinhart in Mustangs zone.
3:40 of 3rd period - Slapshot by Stefan Matteau.
3:40 of 3rd period - Stopped by Jason Missiaen with a rebound.
3:42 of 3rd period - Wrist shot by Stefan Matteau.
3:42 of 3rd period - Shot Misses the Net.
3:44 of 3rd period - Snap shot by Tuomo Ruutu.
3:44 of 3rd period - Shot Misses the Net.
3:46 of 3rd period - Slapshot by Scott Mayfield.
3:46 of 3rd period - Stopped by Jason Missiaen with a rebound.
3:48 of 3rd period - Slapshot by Scott Mayfield.
3:48 of 3rd period - Stopped by Jason Missiaen with a rebound.
4:17 of 3rd period - Snap shot by Iven Barbashev.
4:17 of 3rd period - Shot Misses the Net.
4:25 of 3rd period - Snap shot by Griffin Reinhart.
4:25 of 3rd period - Shot Misses the Net.
4:29 of 3rd period - Snap shot by Anthony Mantha.
4:29 of 3rd period - Deflect By Max Reinhart.
4:29 of 3rd period - Stopped by Anthony Stolarz with a rebound.
4:31 of 3rd period - Wrist shot by Max Reinhart.
4:31 of 3rd period - Shot Blocked by Andrew O'Brien.
4:49 of 3rd period - Iven Barbashev is hit by Max Reinhart and loses puck.
5:14 of 3rd period - Slapshot by Anthony Mantha.
5:14 of 3rd period - Shot Misses the Net.
5:16 of 3rd period - Snap shot by JT Compher.
5:16 of 3rd period - Shot Blocked by Kurtis Gabriel.
5:38 of 3rd period - JT Compher is hit by Chrstian Dvorak and loses puck.
5:45 of 3rd period - Slapshot by Iven Barbashev.
5:45 of 3rd period - Stopped by Jason Missiaen with a rebound.
5:53 of 3rd period - Kurtis Gabriel is hit by Morgan Rielly and loses puck.
6:34 of 3rd period - Snap shot by Anthony Mantha.
6:34 of 3rd period - Shot Misses the Net.
6:44 of 3rd period - Backhand shot by Max Reinhart.
6:44 of 3rd period - Shot Misses the Net.
6:50 of 3rd period - Slapshot by JT Compher.
6:50 of 3rd period - Shot Blocked by Dakota Mermis.
6:52 of 3rd period - Slapshot by Morgan Rielly.
6:52 of 3rd period - Stopped by Anthony Stolarz with a rebound.
6:54 of 3rd period - Wrist shot by Anthony Mantha.
6:54 of 3rd period - Stopped by Anthony Stolarz without a rebound.
6:55 of 3rd period - Nathan MacKinnon wins face-off versus Melker Karlsson in Mustangs zone.
10:01 of 3rd period - Jonathan Drouin is hit by Nicolas Deslauriers and loses puck.
11:17 of 3rd period - Mike Reilly is hit by Josh Jooris and loses puck.
11:27 of 3rd period - Icing by Jonathan Drouin.
11:28 of 3rd period - Josh Jooris wins face-off versus Nathan MacKinnon in Mustangs zone.
11:33 of 3rd period - Snap shot by Sean Monahan.
11:33 of 3rd period - Shot Misses the Net.
11:39 of 3rd period - Minor Penalty to Oliver Bjorkstrand for Tripping.
11:40 of 3rd period - Sean Monahan wins face-off versus Max Reinhart in Monarchs zone.
13:39 of 3rd period - Penalty to Oliver Bjorkstrand is over, Oliver Bjorkstrand is back on ice.
13:48 of 3rd period - Snap shot by Craig Smith.
13:48 of 3rd period - Goal by Craig Smith - Mustangs : 5 - Monarchs : 6.
13:49 of 3rd period - Nathan MacKinnon wins face-off versus Stefan Matteau in neutral zone.
14:41 of 3rd period - Snap shot by Nathan MacKinnon.
14:41 of 3rd period - Stopped by Anthony Stolarz without a rebound.
14:42 of 3rd period - Sean Monahan wins face-off versus Sam Reinhart in Mustangs zone.
15:20 of 3rd period - Minor Penalty to Anthony Mantha for Hooking.
15:21 of 3rd period - Max Reinhart wins face-off versus Sean Monahan in Monarchs zone.
15:51 of 3rd period - Slapshot by Ben Harpur.
15:51 of 3rd period - Goal by Ben Harpur - Mustangs : 6 - Monarchs : 6.
15:52 of 3rd period - Sam Reinhart wins face-off versus Tuomo Ruutu in neutral zone.
15:52 of 3rd period - Sam Reinhart is hit by Max Gortz.
16:22 of 3rd period - Off-side.
16:23 of 3rd period - Sean Monahan wins face-off versus Nathan MacKinnon in neutral zone.
16:42 of 3rd period - Snap shot by Sean Monahan.
16:42 of 3rd period - Shot Misses the Net.
16:44 of 3rd period - Slapshot by Damon Severson.
16:44 of 3rd period - Stopped by Jason Missiaen with a rebound.
16:46 of 3rd period - Snap shot by Jonathan Drouin.
16:46 of 3rd period - Deflect By Sean Monahan.
16:46 of 3rd period - Shot Misses the Net.
16:46 of 3rd period - Puck is out of play.
16:47 of 3rd period - Stefan Matteau wins face-off versus Sam Reinhart in Monarchs zone.
16:48 of 3rd period - Wrist shot by Tuomo Ruutu.
16:48 of 3rd period - Stopped by Jason Missiaen without a rebound.
16:49 of 3rd period - Stefan Matteau wins face-off versus Sam Reinhart in Monarchs zone.
16:58 of 3rd period - Snap shot by Stefan Matteau.
16:58 of 3rd period - Shot Misses the Net.
17:00 of 3rd period - Snap shot by Max Gortz.
17:00 of 3rd period - Stopped by Jason Missiaen with a rebound.
17:02 of 3rd period - Slapshot by Dakota Mermis.
17:02 of 3rd period - Shot Blocked by Mark Pysyk.
17:04 of 3rd period - Snap shot by Tuomo Ruutu.
17:04 of 3rd period - Stopped by Jason Missiaen without a rebound.
17:05 of 3rd period - Nathan MacKinnon wins face-off versus Sean Monahan in Monarchs zone.
17:20 of 3rd period - Wrist shot by Nathan MacKinnon.
17:20 of 3rd period - Shot Misses the Net.
17:41 of 3rd period - Snap shot by Max Gortz.
17:41 of 3rd period - Shot Misses the Net.
17:43 of 3rd period - Slapshot by Scott Mayfield.
17:43 of 3rd period - Deflect By Tuomo Ruutu.
17:43 of 3rd period - Stopped by Jason Missiaen without a rebound.
17:44 of 3rd period - Melker Karlsson wins face-off versus Oliver Bjorkstrand in Monarchs zone.
17:59 of 3rd period - Snap shot by Tim Schaller.
17:59 of 3rd period - Shot Misses the Net.
18:16 of 3rd period - Slapshot by Stefan Matteau.
18:16 of 3rd period - Goal by Stefan Matteau - Mustangs : 7 - Monarchs : 6.
18:17 of 3rd period - Sam Reinhart wins face-off versus Stefan Matteau in neutral zone.
18:48 of 3rd period - Backhand shot by Jonathan Drouin.
18:48 of 3rd period - Shot Blocked by Mark Pysyk.
18:50 of 3rd period - Slapshot by Jonathan Drouin.
18:50 of 3rd period - Stopped by Jason Missiaen without a rebound.
18:51 of 3rd period - Craig MacTavish call a timeout for Monarchs .
18:51 of 3rd period - Melker Karlsson wins face-off versus Nathan MacKinnon in Monarchs zone.
18:54 of 3rd period - Snap shot by Melker Karlsson.
18:54 of 3rd period - Stopped by Jason Missiaen without a rebound.
18:55 of 3rd period - Nathan MacKinnon wins face-off versus Melker Karlsson in Monarchs zone.
18:55 of 3rd period - Nathan MacKinnon is hit by Josh Jooris.
19:18 of 3rd period - Snap shot by Tuomo Ruutu.
19:18 of 3rd period - Stopped by Jason Missiaen without a rebound.
19:19 of 3rd period - Melker Karlsson wins face-off versus Nathan MacKinnon in Monarchs zone.
19:22 of 3rd period - Wrist shot by Josh Jooris.
19:22 of 3rd period - Stopped by Jason Missiaen with a rebound.
19:24 of 3rd period - Slapshot by Josh Jooris.
19:24 of 3rd period - Goal by Josh Jooris - Mustangs : 8 - Monarchs : 6.
19:25 of 3rd period - Stefan Matteau wins face-off versus Sam Reinhart in neutral zone.
19:50 of 3rd period - Melker Karlsson is hit by Jeff Petry.
Goals for this period are 3 for Mustangs vs 1 for Monarchs .
Shots for this period are 18 for Mustangs vs 6 for Monarchs .
Back to the Top